 Dungeon Sprint DCSS version 0.30.1 (webtiles) character file.

Game seed: 5188143661185712775

340 Groucho the Nimble (level 6, -12/36 HPs)
             Began as a Spriggan Hunter on July 7, 2023.
             Was a Priest of Qazlal.
             Killed from afar by a lindwurm (47 damage)
             ... with a blast of flame
             ... in the Dungeon (Sprint VII: "The Pits").
             The game lasted 00:03:46 (2112 turns).

Groucho the Nimble (Spriggan Hunter)                Turns: 2112, Time: 00:03:46

Health: -12/36     AC:  2    Str:  7    XL:     6   Next: 30%
Magic:  8/11       EV: 24    Int: 11    God:    Qazlal [***...]
Gold:   0          SH:  4    Dex: 20    Spells: 5/5 levels left

rFire   . . .        a - +0 shortbow
rCold   . . .        (shield currently unavailable)
rNeg    . . .        c - +0 robe
rPois   .            (helmet restricted)
rElec   .            (no cloak)
rCorr   .            (gloves unavailable)
SInv    +            (boots unavailable)
Will    +....        (no amulet)
Stlth   ++           (no ring)
HPRegen 0.26/turn    (no ring)
MPRegen 0.12/turn

%: no teleportation
@: very quick
A: very small, no large weapons, unfitting armour, see invisible, speed 3
a: Renounce Religion, Upheaval, Elemental Force


You were in the Dungeon.
You worshipped Qazlal.
Qazlal was most pleased with you.
You visited 1 branch

Inventory:

Hand Weapons
 a - a +0 shortbow (weapon)
Armour
 c - a +0 robe (worn)
Scrolls
 b - a scroll of immolation
 i - a scroll of blinking
 k - 5 scrolls of amnesia
 l - a scroll of summoning
Potions
 d - 6 potions of curing
 e - 5 potions of heal wounds
 f - a potion of haste
 g - 4 potions of magic
 h - 3 potions of berserk rage
 j - 2 potions of invisibility


   Skills:
 + Level 5.8 Fighting
 + Level 7.9 Ranged Weapons
 + Level 9.2 Dodging
 - Level 1.5 Stealth
 + Level 6.4 Invocations


You had 5 spell levels left.
You didn't know any spells.
Your spell library was empty.

Dungeon Overview and Level Annotations

Branches:
Dungeon (1/1)

Altars:
Ashenzari
Cheibriados
Dithmenos
Elyvilon
Fedhas
Gozag
Hepliaklqana
Kikubaaqudgha
Makhleb
Nemelex Xobeh
Okawaru
Qazlal
Ru
Sif Muna
Trog
Uskayaw
Vehumet
Wu Jian
Xom
Yredelemnul
Zin
The Shining One
Jiyva
Lugonu


Innate Abilities, Weirdness & Mutations

You are very small and have problems with some larger weapons.
You are too small for most types of armour.
You have supernaturally acute eyesight. (SInv)
You cover ground extremely quickly. (Speed+++)


Message History

As you close the door, it creaks loudly!
You start resting.
HP restored.
You start resting.
Magic restored.
You start waiting.
You start waiting.
Done waiting.
You open the door.
There is an open door here.
You see here a +0 club.
You see here a +0 club.
You open the door.
You hear a roar!
There is an open door here.
You shoot an arrow. The arrow hits the lindwurm.
The lindwurm is lightly wounded.
You shoot an arrow. The arrow hits the lindwurm.
The lindwurm is lightly wounded.
You shoot an arrow.
The arrow hits the lindwurm but does no damage.
The lindwurm is lightly wounded.
The lindwurm bites you! The lindwurm claws you. x2
There is an open door here.
The lindwurm breathes flames at you. The blast of flame hits you!
* * * LOW HITPOINT WARNING * * *
You see here a +0 club.
Okay, then.
You feel much better.
Aiming: Upheaval
Press: ? - help, Dir - move target, f/p - lindwurm
Aim: a lindwurm (lightly wounded)
A storm cloud blasts the area with cutting wind!
The cutting wind hits the lindwurm!!
The lindwurm is heavily wounded.
The lindwurm breathes flames at you. The blast of flame hits you!!!
Ouch! That really hurt!
You die...

#.?(.')))'.##.....
##########.##.....
#...)..)...)'.....
#'#####'#####.....
#.#..#...'.##.....
#.#..#...#.#####'#
#.#..#####.##.....
#)#..'...#)##.....
#@#..'...'.##.....
#.#..########...<.
#k#..'[))).##.....
#.#..#[))).##.....
#'###########.....
#.......# ######
#.###...#
#.#.....#
#.#...#.#+#


You could see a lindwurm (catching breath).

Vanquished Creatures
  Pargi (D)
  A gnoll sergeant (D)
  A scorpion (D)
  A quasit (D)
  5 gnolls (D)
  3 adders (D)
  An adder zombie (D)
  A bat (D)
  An endoplasm (D)
  2 giant cockroaches (D)
  2 quokkas (D)
  A frilled lizard (D)
20 creatures vanquished.

Notes
Turn   | Place    | Note
-------+----------+-------------------------------------------
     0 | D        | Groucho the Spriggan Hunter began the quest for the Orb.
     0 | D        | Reached XP level 1. HP: 10/10 MP: 2/2
    20 | D        | Reached skill level 3 in Dodging
    45 | D        | Found a bloodstained altar of Trog.
    45 | D        | Found a shimmering blue altar of Sif Muna.
    45 | D        | Found a viscous altar of Jiyva.
    45 | D        | Found a hazy altar of Hepliaklqana.
    45 | D        | Found an opulent altar of Gozag.
    46 | D        | Found a glowing golden altar of the Shining One.
    46 | D        | Found a glowing silver altar of Zin.
    46 | D        | Found a basalt altar of Yredelemnul.
    46 | D        | Found a shimmering altar of Xom.
    46 | D        | Found an ornate altar of the Wu Jian Council.
    46 | D        | Found a sacrificial altar of Ru.
    46 | D        | Found a stormy altar of Qazlal.
    46 | D        | Found an iron altar of Okawaru.
    46 | D        | Found a sparkling altar of Nemelex Xobeh.
    46 | D        | Found a burning altar of Makhleb.
    46 | D        | Found a blossoming altar of Fedhas.
    46 | D        | Found a white marble altar of Elyvilon.
    46 | D        | Found a shadowy altar of Dithmenos.
    46 | D        | Found a snail-covered altar of Cheibriados.
    47 | D        | Found a radiant altar of Vehumet.
    47 | D        | Found a corrupted altar of Lugonu.
    48 | D        | Found a hide-covered altar of Uskayaw.
    48 | D        | Found an ancient bone altar of Kikubaaqudgha.
    48 | D        | Found a broken altar of Ashenzari.
    56 | D        | Became a worshipper of Qazlal Stormbringer
    96 | D        | Reached skill level 1 in Invocations
   130 | D        | Reached * piety under Qazlal
   133 | D        | Reached XP level 2. HP: 16/16 MP: 2/4
   456 | D        | Reached skill level 4 in Dodging
   786 | D        | Reached ** piety under Qazlal
   787 | D        | Reached skill level 5 in Ranged Weapons
   787 | D        | Reached XP level 3. HP: 19/19 MP: 5/5
   789 | D        | Reached skill level 5 in Dodging
  1316 | D        | Noticed a scorpion
  1324 | D        | Killed a scorpion
  1324 | D        | Reached *** piety under Qazlal
  1325 | D        | Reached skill level 6 in Dodging
  1325 | D        | Reached XP level 4. HP: 25/25 MP: 6/8
  1327 | D        | Noticed a gnoll sergeant
  1330 | D        | Reached skill level 7 in Dodging
  1330 | D        | Reached XP level 5. HP: 29/30 MP: 6/9
  1348 | D        | Reached **** piety under Qazlal
  1349 | D        | Reached skill level 5 in Invocations
  1360 | D        | Reached skill level 5 in Fighting
  1360 | D        | Reached skill level 8 in Dodging
  1557 | D        | Noticed Pargi
  1568 | D        | Killed Pargi
  1569 | D        | Reached skill level 9 in Dodging
  1569 | D        | Reached XP level 6. HP: 22/36 MP: 11/11
  1836 | D        | Noticed a lindwurm
  2112 | D        | Killed from afar by a lindwurm

Illustrated notes

Levels and vault maps discovered:
D:        pitsprint [storerooms_1, entrance_room_1, metal_vault_1, armoury_3,
          mini_pit_1, grid_room_1, main_hall_1, silver_pit, the_coven_1,
          the_vestibule_1, steel_vault_2, golden_pit, hallway_of_sentries,
          crystal_vault_6, iron_vault_4, final_vault]

Skill      XL: |  1  2  3  4  5 |
---------------+----------------+-----
Dodging        | 3 4 6 7 9 |  9.2
Fighting       | 2 4 5 |  5.8
Invocations    | 1 2 4 6 |  6.4
Ranged Weapons | 5 6 7 |  7.9
Stealth        | |  1.5

Action                     |  1- 3 |  4- 6 || total
---------------------------+-------+-------++-------
   Fire: Shortbow          |    67 |    40 ||   107
 Invoke: Upheaval          |       |     7 ||     7
    Use: Potion            |       |     1 ||     1
 Armour: Robe              |     9 |     1 ||    10
  Dodge: Dodged            |    52 |    42 ||    94
  Block: Other             |     6 |    11 ||    17
